 Dungeon Crawl Stone Soup version 0.24.0 (webtiles) character file.

Game seed: 9477242649224222221, levelgen mode: deterministic

109 Ayyar the Poker (level 4, 0/34 HPs)
             Began as a Demonspawn Gladiator on Mar 26, 2020.
             Slain by an orc
             ... wielding a +0 flail
              (11 damage)
             ... on level 3 of the Dungeon.
             The game lasted 00:07:52 (2276 turns).

Ayyar the Poker (Demonspawn Gladiator)              Turns: 2276, Time: 00:07:53

Health: 0/34       AC:  2    Str: 15    XL:     4   Next: 60%
Magic:  4/4        EV: 13    Int: 10    God:
Gold:   178        SH:  0    Dex: 14    Spells: 3/3 levels left

rFire    . . .     SeeInvis .   a - +0 trident
rCold    . . .     Gourm    .   (no shield)
rNeg     . . .     Faith    .   g - +0 robe (curse)
rPois    .         Spirit   .   (helmet restricted)
rElec    .         Reflect  .   (no cloak)
rCorr    .         Harm     .   (no gloves)
MR       .....                  (no boots)
Stlth    +.........             (no amulet)
HPRegen  0.11/turn              (no ring)
MPRegen  0.09/turn              (no ring)

@: no status effects
A: antennae 1, demonic guardian 1
a: no special abilities


You were on level 3 of the Dungeon.
You were not hungry.

You visited 1 branch of the dungeon, and saw 3 of its levels.

You collected 178 gold pieces.

Inventory:

Hand Weapons
 a - a +0 trident (weapon)
Missiles
 d - 3 throwing nets (quivered)
Armour
 b - a +0 leather armour
 g - a cursed +0 robe (worn)
 o - a +0 ring mail
Jewellery
 p - an uncursed ring of protection from magic {unknown}
Wands
 h - a wand of acid (8)
 t - a wand of clouds (5)
Scrolls
 e - a scroll of random uselessness {unknown}
 i - 2 scrolls of noise {unknown}
 l - 3 scrolls of remove curse {unknown}
 m - a scroll of enchant weapon {unknown}
 n - 2 scrolls of amnesia {unknown}
 q - a scroll of blinking {unknown}
 s - 2 scrolls of teleportation {unknown}
 u - a scroll of enchant armour {unknown}
Potions
 c - a potion of heal wounds {unknown}
 j - a potion of agility {unknown}
 k - a potion of haste {unknown}
 r - a potion of degeneration {unknown}
Comestibles
 f - 7 rations
 v - a chunk of flesh


   Skills:
 + Level 2.9 Fighting
 * Level 3.4 Polearms
 + Level 2.6 Throwing
 + Level 3.3 Dodging


You had 3 spell levels left.
You didn't know any spells.
Your spell library was empty.

Dungeon Overview and Level Annotations

Branches:
Dungeon (3/15)

Altars:
Nemelex Xobeh


Innate Abilities, Weirdness & Mutations

You have a pair of small antennae on your head.
A weak demonic guardian rushes to your aid.


Message History

The orc shouts!
You puncture the quokka!
You kill the quokka!
You feel sick. The rat closely misses you.
An orc comes into view.
The rat bites you but does no damage.
You feel sick.
Found 8 gold pieces.
The rat barely misses you.
You feel sick.
You are no longer poisoned.
You are too injured to fight recklessly!
You puncture the rat!
You kill the rat!
Attack whom?
Press: ? - help, Dir - move target cursor, f - orc
Aim: an orc, wielding a +0 flail and wearing a cursed +0 ring mail You reach to attack!
You closely miss the orc. You hit the orc but do no damage.
The orc hits you with a +0 flail!
You die...

+..$... #.....# .#
#.....###'####
#............#
#.%(.#........
#....#........
####....#........
+.@oo............
#######.#.†...... .
#...†o.....
..########........#
..................#
##........####.##
#...÷.....# #
#.......#.#
#.......#...


You could see 2 orcs.

Vanquished Creatures
  3 adders
  2 worms (D:2)
  3 dart slugs
  2 leopard geckos (D:2)
  2 ball pythons
  4 giant cockroaches
  7 goblins
  11 hobgoblins
  6 kobolds
  A quokka (D:3)
  11 bats
  6 frilled lizards
  10 rats
68 creatures vanquished.

Notes
Turn   | Place    | Note
-------+----------+-------------------------------------------
     0 | D:1      | Ayyar the Demonspawn Gladiator began the quest for the Orb.
     0 | D:1      | Reached XP level 1. HP: 16/16 MP: 1/1
   243 | D:1      | Gained mutation: A weak demonic guardian rushes to your
                  | aid. [demonic ancestry]
   243 | D:1      | Reached XP level 2. HP: 8/22 MP: 2/2
   861 | D:1      | Gained mutation: You have a pair of small antennae on your
                  | head. [demonic ancestry]
   861 | D:1      | Reached XP level 3. HP: 28/28 MP: 3/3
  1737 | D:2      | Reached XP level 4. HP: 32/34 MP: 4/4
  1968 | D:2      | Found a sparkling altar of Nemelex Xobeh.
  2276 | D:3      | Slain by an orc

Levels and vault maps discovered:
D:1:      moated_graveyard_arrival, layout_basic
D:2:      layout_basic, first_ration, nemelex_spade_bored_becter
D:3:      layout_basic, uniq_sigmund
